Map: Triton LE

Players

Solo - Winner!

  • Race: Protoss Protoss
  • Spawn Location: 11:00

pHARM

  • Race: Zerg Zerg
  • League: Platinum
  • Spawn Location: 5:00

VOD

Have the link to the VOD?

Description

Time

  • Played on: Aug. 31, 2019, 9:36 p.m.
  • Length: 2:37
Show
View Real Time Build Order
Export as new Build Order

Solo Protoss - Winner!

Build Orders: Cannon Rush 

Get SALT Encoding   

  12  0:01  Probe  
  13  0:14  Probe  
  14  0:21  Pylon  
  14  0:26  Probe  
  15  0:40  Forge  
  15  0:41  Probe  
  16  0:53  Probe  
  17  1:05  Probe  
  17  1:07  Gateway  
  18  1:23  Pylon  
  18  1:26  Probe  
  18  1:28  Assimilator  
  18  1:30  Assimilator  
  19  1:42  Photon Cannon  
  19  1:45  Photon Cannon  
  19  1:54  Photon Cannon  
  19  2:06  Pylon  
  19  2:08  Pylon  
  19  2:15  Probe  
  20  2:25  Photon Cannon  
  20  2:28  Photon Cannon  
  20  2:32  Pylon  
Show
View Real Time Build Order
Export as new Build Order

pHARM Zerg 

Build Orders: Hatch First 

Get SALT Encoding   

  12  0:03  Drone  
  13  0:20  Overlord  
  14  0:21  Drone  
  14  0:38  Drone x2  
  16  1:00  Drone  
  17  1:10  Hatchery  
  16  1:13  Drone  
  16  1:14  Drone  
  18  1:20  Spawning Pool  
  18  1:22  Drone  
  18  1:40  Drone x2  
  18  1:46  Extractor  
  18  2:22  Spine Crawler  
  14  2:26  Roach Warren  
Tags
 
League
Platinum
Matchup
PvZ
Replay Pack
10.7.19
Spawn Locations
Cross Positions
Add a new tag
Caveats
  • Supply blocks, unpowered buildings, or Contaminate may cause inaccurate times.
  • Supply counts are checked every 10 seconds.